 Dungeon Crawl Stone Soup version 0.28-b1-1-g3c77fb2ed1 (webtiles) character file.

Game seed: 3468633131768178389

84392 pkoi the Marksminotaur (level 15, -9/128 HPs)
             Began as a Minotaur Hunter on Jan 28, 2022.
             Was a High Priest of Okawaru.
             Mangled by a two-headed ogre (24 damage)
             ... on level 1 of the Orcish Mines.
             The game lasted 00:41:44 (28793 turns).

pkoi the Marksminotaur (Minotaur Hunter)           Turns: 28793, Time: 00:41:44

Health: -9/128     AC: 16    Str: 25    XL:     15   Next: 35%
Magic:  23/23      EV: 16    Int:  8    God:    Okawaru [*****.]
Gold:   1360       SH:  0    Dex: 16    Spells: 14/14 levels left

rFire   . . .      SeeInvis .   f - +1 longbow (freeze)
rCold   . . .      Faith    .   (shield currently unavailable)
rNeg    . . .      Spirit   .   I - +1 ring mail "Neagges" {Slay+3}
rPois   .          Reflect  .   (helmet unavailable)
rElec   .          Harm     .   (no cloak)
rCorr   .          Rampage  .   s - +1 pair of gloves
Will    ++...                   l - +0 pair of boots
Stlth   +++.......              (no amulet)
HPRegen 0.31/turn               H - ring of flight
MPRegen 0.18/turn               A - +6 ring of strength

@: flying
A: horns 3, retaliatory headbutt, iridescent scales 2, strong-willed 1,
evolution 1
a: Renounce Religion, Heroism, Finesse, Duel


You were on level 1 of the Orcish Mines.
You worshipped Okawaru.
Okawaru was extremely pleased with you.
You visited 4 branches of the dungeon, and saw 22 of its levels.

You collected 1760 gold pieces.
You spent 400 gold pieces at shops.

Inventory:

Hand Weapons
 a - a +5 vorpal longbow
 f - a +1 longbow of freezing (weapon)
 C - the +5 war axe "Ubbausamo" {vorpal, rF+ Will+ Int-4 Dex+2}
   (Okawaru gifted it to you on level 10 of the Dungeon)

   It inflicts extra damage upon your enemies.
   Int:       It affects your intelligence (-4).
   Dex:       It affects your dexterity (+2).
   rF:        It protects you from fire.
   Will:      It increases your willpower.
 S - a +8 long sword
Missiles
 d - 326 arrows (quivered ammo)
 k - 7 curare-tipped darts
 t - 35 poisoned darts
 G - 3 throwing nets
Armour
 l - a +0 pair of boots (worn)
 s - a +1 pair of gloves (worn)
 I - the +1 ring mail "Neagges" (worn) {Slay+3}
   (You bought it in a shop on level 3 of the Dungeon)

   Slay:      It affects your accuracy & damage with ranged weapons and melee
   (+3).
Jewellery
 h - a ring of protection from cold
 x - a ring of protection from cold
 A - a +6 ring of strength (right hand)
 H - a ring of flight (left hand)
 R - an amulet of guardian spirit
Wands
 b - a wand of digging (7)
 c - a wand of paralysis (13)
 q - a wand of flame (22)
 u - a wand of iceblast (26)
 P - a wand of mindburst (4)
Scrolls
 e - 5 scrolls of identify
 j - a scroll of fog
 m - 2 scrolls of fear
 o - 2 scrolls of magic mapping
 y - 4 scrolls of teleportation
 B - 2 scrolls of enchant weapon
 E - 6 scrolls of amnesia
 F - a scroll of enchant armour
 J - a scroll of silence
 K - a scroll of holy word
 L - 2 scrolls of blinking
 O - 2 scrolls of immolation
Potions
 g - 2 potions of magic
 i - 3 potions of invisibility
 n - 4 potions of haste
 p - 2 potions of ambrosia
 r - 3 potions of curing
 v - 2 potions of lignification
 w - 2 potions of might
 z - 7 potions of heal wounds
 D - 2 potions of resistance
 N - a potion of attraction
 Q - a potion of flight


   Skills:
 + Level 10.5 Fighting
 + Level 18.2 Bows
 + Level 10.3 Armour
 + Level 9.8 Dodging
 + Level 8.9 Stealth
 + Level 12.7 Invocations
 - Level 6.0 Evocations


You had 14 spell levels left.
You didn't know any spells.
Your spell library contained the following spells:

 Spells                   Type           Power      Damage    Failure   Level
 Passwall                 Tmut/Erth      0%         N/A       67%         2
 Confusing Touch          Hex            0%         N/A       88%         3
 Stone Arrow              Conj/Erth      0%         3d7       88%         3
 Airstrike                Air            0%         N/A       99%         4
 Alistair's Intoxication  Tmut/Pois      0%         N/A       100%        5
 Lightning Bolt           Conj/Air       0%         1d11      100%        5
 Yara's Violent Unravell  Hex/Tmut       0%         3d3       100%        5
 Enfeeble                 Hex            0%         N/A       100%        7
 Orb of Destruction       Conj           0%         9d5       100%        7
 Lehudib's Crystal Spear  Conj/Erth      0%         10d2      100%        8
 Summon Guardian Golem    Hex/Summ       Unusable   N/A       N/A         3
 Animate Armour           Summ/Erth      Unusable   N/A       N/A         4
 Summon Lightning Spire   Summ/Air       Unusable   N/A       N/A         4
 Spellforged Servitor     Conj/Summ      Unusable   N/A       N/A         7

Dungeon Overview and Level Annotations

Branches:
Dungeon (13/15)            Temple (1/1) D:4            Lair (6/6) D:11
 Shoals (0/4) Lair:2        Snake (0/4) Lair:2          Orc (2/2) D:10
    Elf (0/3) Orc:2        Vaults (0/5) D:13
  Slime: Lair:5-6

Altars:
Ashenzari
Cheibriados
Dithmenos
Elyvilon
Fedhas
Gozag
Hepliaklqana
Kikubaaqudgha
Makhleb
Nemelex Xobeh
Okawaru
Qazlal
Ru
Sif Muna
Trog
Uskayaw
Vehumet
Wu Jian
Xom
Yredelemnul
Zin
The Shining One
Beogh

Shops:
D:3 [   D:5 =   D:10 *   Orc:1 *

Annotations:
D:9 exclusion: obsidian statue
D:10 1 transporter
Lair:5 exclusion: 2 oklob plants
Orc:2 1 runed translucent door


Innate Abilities, Weirdness & Mutations

You have a pair of large horns on your head.
You reflexively headbutt those who attack you in melee.
You are mostly covered in iridescent scales. (AC +4)
You are strong-willed. (Will+)
You have hidden genetic potential.


Message History

The arrow freezes the two-headed ogre.
The two-headed ogre is lightly wounded.
The two-headed ogre hits you with a +0 giant club!
The two-headed ogre closely misses you.
The two-headed ogre hits you with a +0 giant club!
The two-headed ogre hits you with a +0 giant club.
* * * LOW HITPOINT WARNING * * *
You are too injured to fight recklessly!
Unknown command.
You are too injured to fight recklessly!
Unknown command.
You are too injured to fight recklessly!
Unknown command.
You are too injured to fight recklessly!
Fire: 329 arrows
Press: ? - help, Q - select action, (/) - cycle Shift-Dir - straight line, f/p - two-headed ogre
Aim: a two-headed ogre, wielding a +0 giant club and a +0 giant spiked club (lightly wounded, 83% to hit)
You shoot an arrow.
The arrow barely misses the two-headed ogre.
Fire: 328 arrows
Press: ? - help, Q - select action, (/) - cycle Shift-Dir - straight line, f/p - two-headed ogre
Aim: a two-headed ogre, wielding a +0 giant club and a +0 giant spiked club (lightly wounded, 83% to hit)
You shoot an arrow. The arrow hits the two-headed ogre.
The arrow freezes the two-headed ogre.
The two-headed ogre is lightly wounded.
The two-headed ogre misses you.
The two-headed ogre hits you but does no damage.
The two-headed ogre barely misses you.
The two-headed ogre hits you with a +0 giant club!
* * * LOW HITPOINT WARNING * * *
Fire: 327 arrows
Press: ? - help, Q - select action, (/) - cycle Shift-Dir - straight line, f/p - two-headed ogre
Aim: a two-headed ogre, wielding a +0 giant club and a +0 giant spiked club (lightly wounded, 83% to hit)
You shoot an arrow. The arrow hits the two-headed ogre!!
The arrow freezes the two-headed ogre!
The two-headed ogre is severely wounded.
The two-headed ogre hits you with a +0 giant club!
* * * LOW HITPOINT WARNING * * *
The two-headed ogre hits you with a +0 giant spiked club!!
You die...

##..)#####.....### ##.......
###.#(#....#....###
#........
#........#.#..#.####.......
##.......####...(.#.....#.##
#........###.....##.......#.
##.##....##....###.#........
######...#....##...####....
###..)[O.###....# #....
##.....@O.#......#####..
##....#([)...........#...
#......##.....###.....###
#.......#.....###....## #
##...#.#.......##....####
###...............###.#.
##........#.......##...#
#...#.....##....####.)).
##.###...###.....###..).


You could see 2 two-headed ogres.

Vanquished Creatures
  An orc warlord (Orc:1)
  An ettin (Orc:1)
  8 hydras
  A boulder beetle (D:11)
  Harold (D:9)
  4 ogre magi
  A merfolk avatar (Lair:6)
  3 centaur warriors
  2 dancing weapons (D:13)
  14 two-headed ogres
  4 death yaks (Lair:5)
  A tengu warrior (D:13)
  The ghost of pkoi the Archer, a novice MiHu of Okawaru (D:7)
  A skeletal warrior (D:11)
  3 sea snakes (Lair:6)
  An orc knight (D:10)
  A deep elf pyromancer (D:12)
  An ugly thing (D:11)
  An orc sorcerer (Orc:2)
  An oklob plant (Lair:5)
  3 manticores
  18 elephants
  Maurice (Orc:1)
  10 black mambas
  4 merfolk sirens (Lair:2)
  11 cane toads
  3 unseen horrors (D:11)
  A torpor snail (Lair:6)
  A gargoyle (D:11)
  2 kobold demonologists (D:12)
  9 rime drakes
  13 komodo dragons
  A yaktaur (D:11)
  Prince Ribbit (D:5)
  4 polar bears
  21 blink frogs
  7 trolls
  5 slime creatures (D:12)
  A snapping turtle (Lair:6)
  3 shadows
  44 yaks
  10 wyverns
  A wraith (D:10)
  4 vampire mosquitoes
  3 basilisks (Lair:2)
  2 steam dragons
  A fire elemental (Lair:6)
  2 wargs (D:11)
  2 nagas (Lair:2)
  2 acid dragons
  Duvessa (D:6)
  16 water moccasins
  22 orc warriors
  A necrophage (D:6)
  An ice beast (D:6)
  3 sky beasts
  2 black bears
  23 ogres
  13 centaurs
  14 wolves
  3 phantoms
  3 kobold brigands
  A gnoll sergeant (D:11)
  18 bullfrogs
  A wyvern zombie (D:6)
  2 scorpions (D:5)
  2 wyvern skeletons (D:7)
  14 killer bees
  Dowan (D:6)
  4 wights (D:7)
  3 electric eels (Lair:6)
  3 howler monkeys (D:11)
  2 bullfrog zombies
  10 centaur zombies
  2 lava snakes (Lair:6)
  A bullfrog skeleton (D:6)
  2 hounds (D:5)
  3 jellies
  15 orc priests
  A centaur skeleton (D:3)
  A scorpion zombie (D:5)
  An iguana (D:5)
  13 orc wizards
  6 hell rats
  A killer bee zombie (D:8)
  2 hound skeletons (D:4)
  A howler monkey zombie (D:10)
  7 gnolls
  8 adders
  10 river rats (Lair:1)
  A shadow imp (D:7)
  2 white imps
  2 ufetubi
  An adder skeleton (D:4)
  5 worms
  2 dart slugs
  73 orcs
  9 endoplasms
  3 giant cockroaches
  8 goblins
  7 hobgoblins
  6 jackals
  5 quokkas
  6 ball pythons
  9 bats
  6 frilled lizards
  16 kobolds
  6 rats
645 creatures vanquished.

Vanquished Creatures (others)
  An orc wizard (D:5)
  An orc (Orc:2)
  32 fungi
  151 plants
185 creatures vanquished.

Grand Total: 830 creatures vanquished

Notes
Turn   | Place    | Note
-------+----------+-------------------------------------------
     0 | D:1      | pkoi the Minotaur Hunter began the quest for the Orb.
     0 | D:1      | Reached XP level 1. HP: 18/18 MP: 0/0
   247 | D:1      | Reached XP level 2. HP: 23/25 MP: 1/1
   414 | D:1      | Reached skill level 5 in Bows
   912 | D:1      | Found a faded altar of an unknown god.
  1032 | D:1      | Reached XP level 3. HP: 30/30 MP: 2/2
  1243 | D:2      | Reached skill level 1 in Stealth
  1769 | D:2      | Reached skill level 6 in Bows
  1934 | D:2      | Reached XP level 4. HP: 35/37 MP: 3/3
  2268 | D:2      | Found a shimmering altar of Xom.
  2977 | D:3      | Found an ornate altar of the Wu Jian Council.
  3064 | D:3      | Found Sihude's Armour Boutique.
  3124 | D:3      | Reached XP level 5. HP: 42/42 MP: 4/4
  3170 | D:3      | Reached skill level 7 in Bows
  3768 | D:4      | Noticed an ogre
  3776 | D:4      | Killed an ogre
  3777 | D:4      | Reached skill level 8 in Bows
  3777 | D:4      | Reached XP level 6. HP: 39/50 MP: 5/5
  4011 | D:4      | Found an iron altar of Okawaru.
  4025 | D:4      | Became a worshipper of Warmaster Okawaru
  4279 | D:4      | Found a staircase to the Ecumenical Temple.
  4779 | Temple   | Entered the Ecumenical Temple
  4969 | D:5      | Entered Level 5 of the Dungeon
  4981 | D:5      | Noticed Prince Ribbit
  4992 | D:5      | Killed Prince Ribbit
  4993 | D:5      | Reached skill level 9 in Bows
  4993 | D:5      | Reached XP level 7. HP: 29/56 MP: 6/6
  5192 | D:5      | Reached * piety under Okawaru
  5193 | D:5      | Reached skill level 10 in Bows
  5341 | D:5      | Reached skill level 11 in Bows
  5349 | D:5      | Reached XP level 8. HP: 53/62 MP: 7/7
  5433 | D:5      | Found a hide-covered altar of Uskayaw.
  5469 | D:5      | Found Mivanydd's Jewellery Boutique.
  5486 | D:5      | Identified the +0 robe of Xefaorime {Will+ Regen+ Stlth-}
  6058 | D:6      | Found a blossoming altar of Fedhas.
  6106 | D:6      | Reached ** piety under Okawaru
  6149 | D:6      | Reached skill level 12 in Bows
  6632 | D:6      | Reached skill level 1 in Invocations
  6696 | D:6      | Noticed Duvessa
  6697 | D:6      | Noticed Dowan
  6725 | D:6      | Found a snail-covered altar of Cheibriados.
  6852 | D:6      | Reached XP level 9. HP: 58/70 MP: 7/9
  6999 | D:6      | Reached *** piety under Okawaru
  7000 | D:6      | Reached skill level 13 in Bows
  7471 | D:7      | Found a large runed translucent door.
  7471 | D:7      | Found a large runed translucent door.
  7546 | D:7      | Reached skill level 5 in Fighting
  7779 | D:7      | Noticed pkoi's ghost (novice MiHu)
  8009 | D:7      | Reached **** piety under Okawaru
  8201 | D:7      | Reached skill level 5 in Dodging
  8227 | D:7      | Reached XP level 10. HP: 70/81 MP: 11/11
  8757 | D:8      | Reached skill level 1 in Armour
  8767 | D:8      | Noticed a two-headed ogre
  8780 | D:8      | Killed a two-headed ogre
  8780 | D:8      | Received a gift from Okawaru
  8823 | D:8      | Gained mutation: You have hidden genetic potential. [potion
                  | of mutation]
  8823 | D:8      | Gained mutation: You are partially covered in iridescent
                  | scales. (AC +2) [potion of mutation]
  9037 | D:8      | Identified the +4 ring mail "Girorox" {Stlth+}
  9452 | D:9      | Identified the -2 buckler of Leaves {Rampage +Blink rPois
                  | rC-}
  9454 | D:9      | Identified the +5 fustibalus "Beastbane" {vorpal, +Blink
                  | Str-3 Int+3}
  9611 | D:9      | Noticed Harold
  9626 | D:9      | Killed Harold
  9984 | D:3      | Bought the +1 ring mail "Neagges" {Slay+3} for 400 gold
                  | pieces
 10280 | D:9      | Noticed an obsidian statue
 10320 | D:9      | Reached skill level 5 in Invocations
 10358 | D:9      | Noticed a two-headed ogre
 10373 | D:9      | Killed a two-headed ogre
 10374 | D:9      | Reached skill level 14 in Bows
 10374 | D:9      | Reached skill level 5 in Stealth
 10564 | D:10     | Entered Level 10 of the Dungeon
 10564 | D:10     | Noticed a two-headed ogre
 10570 | D:10     | Killed a two-headed ogre
 10608 | D:10     | Found a sacrificial altar of Ru.
 10675 | D:10     | Reached XP level 11. HP: 86/91 MP: 14/14
 10700 | D:10     | Found a staircase to the Orcish Mines.
 10701 | D:10     | Noticed an orc knight
 10740 | D:10     | Killed an orc knight
 10740 | D:10     | Reached ***** piety under Okawaru
 10741 | D:10     | Reached skill level 1 in Evocations
 10950 | D:10     | Identified the +5 war axe "Ubbausamo" {vorpal, rF+ Will+
                  | Int-4 Dex+2} (Okawaru gifted it to you on level 10 of the
                  | Dungeon)
 10950 | D:10     | Received a gift from Okawaru
 10951 | D:10     | Reached skill level 5 in Armour
 10967 | D:10     | Found a transporter.
 10970 | D:10     | Gained mutation: You have great hidden genetic potential.
                  | [hidden potential]
 11130 | D:10     | Found Liudegut's Serpentskin Sales.
 11207 | D:10     | Noticed an orc sorcerer
 11272 | D:10     | Identified the +7 flail of Cheibriados's Respect {vorpal,
                  | Drain rElec rPois Int+4}
 11432 | D:11     | Noticed a five-headed hydra
 11444 | D:11     | Killed a five-headed hydra
 11592 | D:11     | Found a staircase to the Lair.
 11906 | D:11     | Received a gift from Okawaru
 12041 | D:11     | Noticed a boulder beetle
 12127 | D:11     | Noticed a death knight
 12127 | D:11     | Noticed a skeletal warrior
 12127 | D:11     | Noticed a two-headed ogre
 12168 | D:11     | Killed a two-headed ogre
 12362 | Lair:1   | Entered Level 1 of the Lair of Beasts
 12371 | Lair:1   | Received a gift from Okawaru
 12372 | Lair:1   | Reached skill level 15 in Bows
 12417 | Lair:1   | Reached XP level 12. HP: 28/97 MP: 16/16
 13016 | Lair:1   | Reached skill level 5 in Evocations
 13040 | Lair:1   | Gained mutation: You are mostly covered in iridescent
                  | scales. (AC +4) [hidden potential]
 13040 | Lair:1   | Lost mutation: You have great hidden genetic potential.
                  | [hidden potential expressed]
 13058 | Lair:1   | Received a gift from Okawaru
 13656 | Lair:1   | Noticed a five-headed hydra
 13664 | Lair:1   | Killed a five-headed hydra
 13664 | Lair:1   | Identified the +0 pair of gloves of Intuition {Contam Harm
                  | rElec Will+} (Okawaru gifted it to you on level 1 of the
                  | Lair of Beasts)
 13664 | Lair:1   | Received a gift from Okawaru
 14338 | Lair:2   | Reached skill level 16 in Bows
 14906 | Lair:2   | Found a staircase to the Shoals.
 14967 | Lair:2   | Reached skill level 10 in Invocations
 15066 | Lair:2   | Noticed a six-headed hydra
 15075 | Lair:2   | Killed a six-headed hydra
 15380 | Lair:2   | Found a staircase to the Snake Pit.
 15809 | Lair:3   | Received a gift from Okawaru
 15810 | Lair:3   | Reached XP level 13. HP: 103/103 MP: 16/19
 16284 | Lair:3   | Gained mutation: You have a pair of large horns on your
                  | head. [hidden potential]
 16318 | Lair:3   | Received a gift from Okawaru
 16457 | Lair:3   | Received a gift from Okawaru
 16472 | Lair:3   | Reached skill level 17 in Bows
 19877 | Lair:5   | Received a gift from Okawaru
 20442 | Lair:5   | Received a gift from Okawaru
 20660 | Lair:5   | Received a gift from Okawaru
 21456 | Lair:6   | Entered Level 6 of the Lair of Beasts
 21462 | Lair:6   | Received a gift from Okawaru
 21463 | Lair:6   | Reached XP level 14. HP: 105/115 MP: 21/21
 21800 | Lair:6   | Gained mutation: You have great hidden genetic potential.
                  | [hidden potential]
 21800 | Lair:6   | Lost mutation: You have great hidden genetic potential.
                  | [hidden potential expressed]
 22340 | Lair:6   | Received a gift from Okawaru
 22951 | Lair:6   | Reached ****** piety under Okawaru
 22987 | Lair:6   | Identified the +6 trident "Tecvax" {pain, rC+ rCorr}
 22995 | Lair:6   | Got the Tome of Lethal Transformation
 23051 | Lair:6   | Received a gift from Okawaru
 25443 | D:11     | Received a gift from Okawaru
 26219 | D:12     | Received a gift from Okawaru
 26395 | D:12     | Received a gift from Okawaru
 26733 | D:13     | Found a gate to the Vaults.
 26750 | D:13     | Reached skill level 18 in Bows
 27350 | D:6      | Killed Duvessa
 27352 | D:6      | Killed Dowan
 27600 | D:7      | Killed pkoi's ghost
 27601 | D:7      | Reached skill level 10 in Fighting
 27703 | Orc:1    | Entered Level 1 of the Orcish Mines
 27711 | Orc:1    | Reached XP level 15. HP: 117/126 MP: 23/23
 27724 | Orc:1    | Noticed Maurice
 27728 | Orc:1    | Killed Maurice
 27775 | Orc:1    | Found Kodweruh's Overcharged Wands.
 27794 | Orc:1    | Noticed an orc warlord
 27808 | Orc:1    | Killed an orc warlord
 28165 | Orc:2    | Entered Level 2 of the Orcish Mines
 28209 | Orc:2    | Gained mutation: You are strong-willed. (Will+) [hidden
                  | potential]
 28277 | Orc:2    | Found a runed translucent door.
 28322 | Orc:2    | Found a staircase to the Elven Halls.
 28354 | Orc:2    | Reached skill level 10 in Armour
 28431 | Orc:1    | Received a gift from Okawaru
 28793 | Orc:1    | Mangled by a two-headed ogre

Illustrated notes

Levels and vault maps discovered:
D:1:      scummos_arrival_star, layout_loops_ring,
          dilly_ecumenical_altar_fadedgnrine, chequers_serial_rivers_micro_b
D:2:      layout_loops_ring, basic_altar, serial_rivers,
          chequers_serial_rivers_small_a, chequers_serial_rivers_room_a,
          chequers_serial_rivers_room_b, chequers_serial_rivers_micro_e,
          chequers_serial_rivers_micro_e, grunt_ministairs_13,
          chequers_mini_garden
D:3:      layout_loops_ring, mainiacjoe_overflow_surrounded_room, serial_shops,
          nicolae_shop_advertising_works [nicolae_subvault_shop_adworks]
D:4:      cheibrodos_quashed, layout_loops_ring, okawaru_trees_1,
          minmay_temple_entry_enclosed_plants
D:5:      layout_rooms, eat_drink_and_be_merry_uskayaw, serial_shops,
          nicolae_shop_stone, uniq_prince_ribbit1
D:6:      layout_basic, nicolae_overflow_hidden_temple, lemuel_round_altar,
          abandoned_shop, grunt_tough_drop, uniq_duvessa
D:7:      minmay_skewed_foursquare, layout_basic, ebering_ghost_disaster_area
D:8:      layout_rooms
D:9:      layout_basic, minmay_statue_bubble, uniq_harold
D:10:     gammafunk_beogh_shrine, layout_rooms, nicolae_ru_awakened_eye,
          david_orc_5, guppyfry_shop_venom
D:11:     minmay_the_grid_octo_2x2 [minmay_the_grid_octo_thin_diamonds,
          minmay_the_grid_octo_empty, minmay_the_grid_octo_focus,
          minmay_the_grid_octo_prize_square_snowflake], layout_rooms,
          erik_lair_orcish_takeover
D:12:     layout_roguey
D:13:     layout_rooms, erik_vaults_1
Temple:   eino_temple_rhombus
Lair:1:   layout_cave_pods, kennysheep_rathole
Lair:2:   nzn_winding_woodlands_cross [nzn_winding_woodlands_5x15_pool,
          nzn_winding_woodlands_5x15_river_crossing,
          nzn_winding_woodlands_5x15_twine, nzn_winding_woodlands_5x15_default,
          nzn_winding_woodlands_15x15_killbox], layout_chaotic_city,
          elwin_shoals_entry_stream, guppyfry_snake_entry_island
Lair:3:   layout_chaotic_city, minivault_24, chequers_serial_rivers_small_a
Lair:4:   layout_cave_pods, st_stairs_8, chequers_serial_rivers_small_b,
          serial_bayou_shore_a
Lair:5:   beast_lair_carwin_large_3, layout_hall_layers,
          minmay_slime_entry_oklob_enclosed
Lair:6:   gammafunk_lair_ancient_temple, layout_gridlike, serial_bayou_pond_d,
          serial_bayou_lake_a
Orc:1:    layout_diamond_mine, nicolae_shop_overcharged_wands, uniq_maurice
Orc:2:    st_orc_ogre_mass, layout_caves, ebering_ghost_inner_flame

Skill      XL: |  1  2  3  4  5  6  7  8  9 10 11 12 13 14 15 |
---------------+----------------------------------------------+-----
Bows           | 5 6 8 9 11 12 13 14 15 16 17 18 | 18.2
Stealth        | 1 3 5 6 7 8 |  8.9
Invocations    | 1 3 5 7 10 11 12 | 12.7
Fighting       | 3 5 6 8 10 | 10.5
Dodging        | 5 6 7 9 |  9.8
Armour         | 4 6 7 9 10 | 10.3
Evocations     | 4 6 |  6.0

Action                   |  1- 3 |  4- 6 |  7- 9 | 10-12 | 13-15 || total
-------------------------+-------+-------+-------+-------+-------++-------
Melee: Short sword       |   116 |    54 |       |       |       ||   170
       Headbutt          |    16 |    10 |       |       |       ||    26
       Punch             |       |     1 |       |       |       ||     1
       Shortbow          |       |       |       |     1 |     1 ||     2
 Fire: Shortbow          |       |   140 |   371 |   867 |  1042 ||  2420
       Longbow           |       |       |       |       |   333 ||   333
Invok: Heroism           |       |       |     4 |    20 |    28 ||    52
       Finesse           |       |       |       |     5 |    10 ||    15
  Use: Potion            |       |     2 |     2 |     1 |     1 ||     6
       Scroll            |       |    10 |     4 |     4 |     7 ||    25
 Stab: Sleeping          |     2 |     1 |       |       |       ||     3
Armor: Leather armour    |    41 |    31 |     5 |       |       ||    77
       Robe              |       |       |    22 |     1 |       ||    23
       Ring mail         |       |       |       |    87 |   160 ||   247
Dodge: Dodged            |    77 |    54 |    70 |   150 |   287 ||   638
